 Dungeon Sprint DCSS version 0.26-a0-682-g294304f6e8 (webtiles) character file.

Game seed: 7482883605605579725

7391 mhtbhm the Severer (level 10, -2/160 HPs)
             Began as a Minotaur Berserker on Oct 20, 2020.
             Was the Champion of Trog.
             Hit by a javelin thrown by a merfolk javelineer (9 damage)
             ... in the Dungeon (Sprint VII: "The Pits").
             The game lasted 00:02:59 (1809 turns).

mhtbhm the Severer (Minotaur Berserker)             Turns: 1809, Time: 00:02:59

Health: -2/160     AC: 19    Str: 26    XL:     10   Next: 92%
Magic:  3/3        EV: 11    Int: 10    God:    Trog [******]
Gold:   0          SH:  0    Dex:  9    Spells: 9/9 levels left

rFire    . . .     SeeInvis .   a - +5 broad axe (antimagic)
rCold    . . .     Faith    .   (no shield)
rNeg     . . .     Spirit   .   b - +3 plate armour
rPois    .         Reflect  .   (helmet restricted)
rElec    .         Harm     .   (no cloak)
rCorr    .         Rampage  .   (no gloves)
MR       .....     NoTele   +   (no boots)
Stlth    ..........             (no amulet)
HPRegen  0.36/turn              e - +3 ring of intelligence
MPRegen  0.08/turn              n - +3 ring of intelligence

@: berserking (expiring), very quick
A: retaliatory headbutt, horns 2
a: Berserk, Trog's Hand, Brothers in Arms, Renounce Religion


You were in the Dungeon.
You worshipped Trog.
Trog was exalted by your worship.
You visited 1 branch

Inventory:

Hand Weapons
 a - a +5 antimagic broad axe (weapon)
Missiles
 p - 7 curare-tipped darts (quivered)
Armour
 b - a +3 plate armour (worn)
Jewellery
 e - a +3 ring of intelligence (left hand)
 n - a +3 ring of intelligence (right hand)
Scrolls
 h - a scroll of blinking
 j - 3 scrolls of remove curse
 k - a scroll of summoning
Potions
 c - 5 potions of curing
 d - 9 potions of heal wounds
 f - 4 potions of magic
 g - 3 potions of berserk rage
 i - 2 potions of invisibility
 l - 2 potions of haste
 m - a potion of stabbing
 o - a potion of resistance


   Skills:
 + Level 16.1 Fighting
 + Level 20.0 Axes
 + Level 13.6 Armour
 + Level 8.3 Dodging


You had 9 spell levels left.
You didn't know any spells.
Your spell library was empty.

Dungeon Overview and Level Annotations

Branches:
Dungeon (1/1)

Altars:
Ashenzari
Cheibriados
Dithmenos
Elyvilon
Fedhas
Gozag
Hepliaklqana
Kikubaaqudgha
Makhleb
Nemelex Xobeh
Okawaru
Qazlal
Ru
Sif Muna
Trog
Uskayaw
Vehumet
Wu Jian
Xom
Yredelemnul
Zin
The Shining One
Beogh
Jiyva
Lugonu

Annotations:
D Urug


Innate Abilities, Weirdness & Mutations

You reflexively headbutt those who attack you in melee.
You have a pair of horns on your head.


Message History

Your headbutt misses the merfolk javelineer.
The merfolk javelineer is heavily wounded.
You completely miss the merfolk javelineer.
The merfolk javelineer is heavily wounded.
Urug hits you from afar with a +0 vampiric demon trident!
* * * LOW HITPOINT WARNING * * *
Urug draws strength from your wounds!
The merfolk javelineer throws a javelin.
The javelin pierces through you!
* * * LOW HITPOINT WARNING * * *
The javelin pierces through Urug!
You slash the merfolk javelineer!
The merfolk javelineer is severely wounded.
The merfolk hits you from afar with a +0 trident.
* * * LOW HITPOINT WARNING * * *
The merfolk hits you from afar with a +0 trident.
* * * LOW HITPOINT WARNING * * *
The merfolk javelineer throws a javelin.
The javelin pierces through you!
You die...

......# ##.....÷.##
#....## ####...#### ###
##''## ###..+...+
.##..#
#....###....##'## ....#
......#....##...##....#
)....('....'.....+p...+
......#)...##...##m...#
#..).###....##'##))m..#
##''## ###..+(.o@(m#
#..÷.## ####.).####
......# #..†.[..#
......# #.........#
####### ###########


You could see a death knight, a merfolk javelineer, Urug and 2 merfolk.

Vanquished Creatures
  Sonja (D)
  A shadow wraith (D)
  2 lindwurms (D)
  An orc knight (D)
  An orc sorcerer (D)
  A deep elf mage (D)
  Joseph (D)
  A molten gargoyle (D)
  A polar bear (D)
  2 red devils (D)
  A jumping spider (D)
  A wind drake (D)
  2 merfolk (D)
  2 hornets (D)
  A redback (D)
  A tarantella (D)
  A wyvern (D)
  A shadow (D)
  A soldier ant (D)
  A swamp drake (D)
  2 black bears (D)
  An ogre (D)
  2 centaurs (D)
  A wolf (D)
  A crimson imp (D)
  An orc priest (D)
  A gnoll shaman (D)
  An iron imp (D)
  Jessica (D)
  2 orc wizards (D)
  4 gnolls (D)
  An ufetubus (D)
  An ooze (D)
  2 adder zombies (D)
  6 orcs (D)
  A giant cockroach (D)
  A goblin (D)
  A hobgoblin (D)
  2 jackals (D)
  A ball python (D)
  A bat (D)
  A giant cockroach zombie (D)
  A rat (D)
60 creatures vanquished.

Notes
Turn   | Place    | Note
-------+----------+-------------------------------------------
     0 | D        | mhtbhm the Minotaur Berserker began the quest for the Orb.
     0 | D        | Reached XP level 1. HP: 19/19 MP: 0/0
    55 | D        | Reached skill level 4 in Axes
    57 | D        | Reached ** piety under Trog
   121 | D        | Reached XP level 2. HP: 26/28 MP: 1/1
   144 | D        | Reached skill level 5 in Fighting
   144 | D        | Reached skill level 5 in Axes
   145 | D        | Reached *** piety under Trog
   152 | D        | Reached skill level 6 in Axes
   152 | D        | Reached XP level 3. HP: 37/37 MP: 2/2
   153 | D        | Reached **** piety under Trog
   153 | D        | Reached skill level 7 in Axes
   155 | D        | Reached XP level 4. HP: 45/45 MP: 3/3
   242 | D        | Found a bloodstained altar of Trog.
   242 | D        | Found a shimmering blue altar of Sif Muna.
   242 | D        | Found a viscous altar of Jiyva.
   242 | D        | Found a hazy altar of Hepliaklqana.
   242 | D        | Found an opulent altar of Gozag.
   243 | D        | Found a glowing golden altar of the Shining One.
   243 | D        | Found a glowing silver altar of Zin.
   243 | D        | Found a basalt altar of Yredelemnul.
   243 | D        | Found a shimmering altar of Xom.
   243 | D        | Found an ornate altar of the Wu Jian Council.
   243 | D        | Found a sacrificial altar of Ru.
   243 | D        | Found a stormy altar of Qazlal.
   243 | D        | Found an iron altar of Okawaru.
   243 | D        | Found a sparkling altar of Nemelex Xobeh.
   243 | D        | Found a burning altar of Makhleb.
   243 | D        | Found a blossoming altar of Fedhas.
   243 | D        | Found a white marble altar of Elyvilon.
   243 | D        | Found a shadowy altar of Dithmenos.
   243 | D        | Found a snail-covered altar of Cheibriados.
   244 | D        | Found a radiant altar of Vehumet.
   244 | D        | Found a corrupted altar of Lugonu.
   244 | D        | Found a roughly hewn altar of Beogh.
   245 | D        | Found a hide-covered altar of Uskayaw.
   245 | D        | Found an ancient bone altar of Kikubaaqudgha.
   245 | D        | Found a broken altar of Ashenzari.
   270 | D        | Noticed a centaur
   272 | D        | Noticed a deep elf mage
   276 | D        | Killed a centaur
   276 | D        | Reached skill level 9 in Axes
   276 | D        | Reached XP level 5. HP: 53/53 MP: 4/4
   277 | D        | Reached ***** piety under Trog
   278 | D        | Received a gift from Trog
   278 | D        | Reached skill level 10 in Axes
   279 | D        | Noticed a black bear
   283 | D        | Killed a deep elf mage
   283 | D        | Reached skill level 10 in Fighting
   283 | D        | Reached skill level 13 in Axes
   283 | D        | Reached skill level 5 in Armour
   283 | D        | Reached XP level 6. HP: 67/67 MP: 5/5
   283 | D        | Reached XP level 7. HP: 73/73 MP: 6/6
   359 | D        | Reached skill level 14 in Axes
   364 | D        | Received a gift from Trog
   439 | D        | Noticed an orc knight
   439 | D        | Noticed an orc sorcerer
   439 | D        | Noticed a redback
   439 | D        | Paralysed by an orc sorcerer for 7 turns
   451 | D        | Killed a redback
   451 | D        | Reached XP level 8. HP: 83/83 MP: 2/7
   452 | D        | Reached ****** piety under Trog
   456 | D        | Killed an orc sorcerer
   456 | D        | Reached skill level 15 in Axes
   459 | D        | Killed an orc knight
   459 | D        | Reached skill level 16 in Axes
   459 | D        | Reached XP level 9. HP: 66/92 MP: 2/8
   854 | D        | Noticed a red devil
   864 | D        | Killed a red devil
   864 | D        | Reached skill level 17 in Axes
   914 | D        | Noticed a polar bear
   918 | D        | Killed a polar bear
   918 | D        | Received a gift from Trog
   922 | D        | Reached skill level 10 in Armour
   989 | D        | Noticed Sonja
   989 | D        | Noticed Joseph
   989 | D        | Noticed a jumping spider
  1000 | D        | Killed Joseph
  1001 | D        | Killed a jumping spider
  1001 | D        | Reached skill level 18 in Axes
  1007 | D        | Killed Sonja
  1007 | D        | Reached XP level 10. HP: 40/103 MP: 3/9
  1261 | D        | Noticed a lindwurm
  1269 | D        | Received a gift from Trog
  1277 | D        | Killed a lindwurm
  1277 | D        | Reached skill level 19 in Axes
  1648 | D        | Noticed Jessica
  1648 | D        | Noticed a lindwurm
  1652 | D        | Killed Jessica
  1654 | D        | Received a gift from Trog
  1654 | D        | Reached skill level 15 in Fighting
  1657 | D        | Killed a lindwurm
  1660 | D        | Killed a shadow wraith
  1788 | D        | Noticed a death knight
  1788 | D        | Noticed a molten gargoyle
  1789 | D        | Noticed a merfolk javelineer
  1797 | D        | Noticed Urug
  1804 | D        | Killed a molten gargoyle
  1804 | D        | Reached skill level 20 in Axes
  1808 | D        | HP: 8/160 [merfolk/+0 trident (2)]
  1809 | D        | Hit by a javelin thrown by a merfolk javelineer

Illustrated notes

Levels and vault maps discovered:
D:        pitsprint [storerooms_1, entrance_room_1, metal_vault_2, armoury_2,
          mini_pit_1, grid_room_1, main_hall_1, silver_pit, the_coven_3,
          the_vestibule_1, steel_vault_5, golden_pit, hallway_of_sentries,
          crystal_vault_2, iron_vault_1, final_vault]

Skill      XL: |  1  2  3  4  5  6  7  8  9 10 |
---------------+-------------------------------+-----
Fighting       | 4 5 6 8 10 11 12 14 16 | 16.1
Axes           | 4 6 7 9 13 14 16 18 20 | 20.0
Armour         | 3 4 5 6 8 11 13 | 13.6
Dodging        | 3 4 6 7 8 |  8.3

Action                   |  1- 3 |  4- 6 |  7- 9 | 10-12 || total
-------------------------+-------+-------+-------+-------++-------
Melee: Hand axe          |    22 |    10 |     1 |       ||    33
       Headbutt          |     3 |     1 |    10 |     4 ||    18
       Broad axe         |       |       |    43 |    42 ||    85
Invok: Berserk           |     1 |     1 |     3 |     2 ||     7
  Use: Potion            |       |       |     4 |     1 ||     5
Armor: Animal skin       |     5 |       |       |       ||     5
       Chain mail        |       |     3 |     7 |       ||    10
       Plate armour      |       |       |    40 |    24 ||    64
Dodge: Dodged            |    17 |     7 |    41 |    27 ||    92

Table legend: (Time is in decaauts)
 A = Elapsed time spent in this place.
 B = Non-inter-level travel time spent in this place.
 C = Inter-level travel time spent in this place.
 D = Time resting spent in this place.
 E = Time spent auto-exploring this place.
 F = Levels seen in this place.
 G = Mean time per level.
                   A        B        C        D        E       F      G
               +--------+--------+--------+--------+--------+-----+--------+
         Total |   1840 |   1840 |      0 |   1267 |    136 |   1 | 1840.0 |
       Dungeon |   1840 |   1840 |      0 |   1267 |    136 |   1 | 1840.0 |
               +--------+--------+--------+--------+--------+-----+--------+

Top non-repeatable levels by time:
       D: 1840 daAuts
